 Dungeon Crawl Stone Soup version 0.29-a0-512-gf59ac788ac (webtiles) character file.

Game seed: 15873694892294302039

1199 purpskrrrp the Cudgeller (level 8, -6/78 HPs)
             Began as a Troll Berserker on May 29, 2022.
             Was a Priest of Trog.
             Mangled by Prince Ribbit (16 damage)
             ... on level 6 of the Dungeon.
             The game lasted 00:21:54 (4126 turns).

purpskrrrp the Cudgeller (Troll Berserker)          Turns: 4126, Time: 00:21:55

Health: -6/78      AC:  5    Str: 28    XL:     8   Next: 20%
Magic:  7/7        EV: 10    Int:  3    God:    Trog [***...]
Gold:   318        SH:  0    Dex:  9    Spells: 7/7 levels left

rFire   . . .      SeeInvis .   K - +0 giant spiked club
rCold   . . .      Faith    .   (shield currently unavailable)
rNeg    . . .      Spirit   .   b - +1 animal skin
rPois   +          Reflect  .   (helmet restricted)
rElec   .          Harm     .   E - scarf {shadows}
rCorr   .          Rampage  .   (gloves unavailable)
Will    +....                   (boots unavailable)
Stlth   +.........              (no amulet)
HPRegen 1.03/turn               f - ring of poison resistance
MPRegen 0.10/turn               y - ring of willpower

@: no status effects
A: large, unfitting armour, claws 3, regeneration 1, shaggy fur 1, tough skin 1
a: Renounce Religion, Berserk, Trog's Hand


You were on level 6 of the Dungeon.
You worshipped Trog.
Trog was most pleased with you.
You visited 1 branch of the dungeon, and saw 6 of its levels.

You collected 318 gold pieces.

Inventory:

Hand Weapons
 a - a +1 mace
 c - a +0 mace
 t - a +0 spear
 z - a +0 club
 H - a +0 halberd
 J - a +0 flail
 K - a +0 giant spiked club (weapon)
Missiles
 j - 10 poisoned darts
Armour
 b - a +1 animal skin (worn)
 k - a +0 ring mail
 m - a +0 pair of boots
 u - a +0 buckler
 E - a scarf of shadows (worn)
Magical Staves
 q - a staff of earth
 L - a staff of poison
Jewellery
 f - a ring of poison resistance (left claw)
 g - a ring of protection from fire
 y - a ring of willpower (right claw)
Wands
 o - a wand of polymorph (8)
 D - a wand of flame (3) (quivered)
 I - a wand of digging (5)
Scrolls
 h - a scroll of blinking
 i - a scroll of brand weapon {unknown}
 l - a scroll of vulnerability {unknown}
 n - a scroll of fog {unknown}
 p - a scroll of amnesia
 v - 3 scrolls of teleportation {unknown}
 w - 2 scrolls of noise {unknown}
 x - a scroll of silence {unknown}
 F - a scroll of fear {unknown}
 G - 3 scrolls of identify
Potions
 d - a potion of resistance
 r - 2 potions of degeneration
 s - 3 potions of magic
 A - 5 potions of lignification {unknown}
 B - a potion of ambrosia {unknown}
 C - 2 potions of brilliance {unknown}


   Skills:
 + Level 4.2 Fighting
 + Level 6.1 Maces & Flails
 + Level 2.1 Polearms
 + Level 4.9 Dodging
 + Level 0.7 Stealth
 + Level 1.0 Evocations


You had 7 spell levels left.
You didn't know any spells.
Your spell library contained the following spells:

 Spells                   Type           Power      Damage    Failure   Level
 Ensorcelled Hibernation  Hex/Ice        0%         N/A       67%         2
 Passwall                 Tmut/Erth      0%         N/A       67%         2
 Sublimation of Blood     Necr           0%         N/A       67%         2
 Swiftness                Air            0%         N/A       88%         3
 Tukima's Dance           Hex            0%         N/A       88%         3
 Passage of Golubria      Tloc           0%         N/A       99%         4
 Petrify                  Tmut/Erth      0%         N/A       99%         4
 Irradiate                Conj/Tmut      0%         3d13      100%        5
 Yara's Violent Unravell  Hex/Tmut       0%         3d3       100%        5


Dungeon Overview and Level Annotations

Branches:
Dungeon (6/15)             Temple (0/1) D:4

Altars:
Fedhas
Kikubaaqudgha

Shops:
D:5 *

Annotations:
D:6 Prince Ribbit


Innate Abilities, Weirdness & Mutations

You are too large for most types of armour.
You have claws for hands.
Your natural rate of healing is unusually fast.
You are covered in fur. (AC +1)
You have tough skin. (AC +1)


Message History

You puncture the howler monkey!
The howler monkey is heavily wounded.
The howler monkey barely misses you.
The howler monkey hits you but does no damage.
You impale the howler monkey!!
You kill the howler monkey!
Trog accepts your kill.
Your Evocations skill increases to level 1!
You start resting.
You recover from your berserk rage.
You start resting.
Your extra speed is starting to run out.
You start resting.
You feel yourself slow down.
You start resting.
HP restored.
There is a stone staircase leading down here.
You climb downwards.
Level annotation: Prince Ribbit Prince Ribbit hits you but does no damage.
The phantom hits you.
The phantom blinks!
You blink.
Prince Ribbit hits you.
You closely miss Prince Ribbit.
Prince Ribbit hops awkwardly around.
Prince Ribbit hits you! The phantom hits you. Prince Ribbit closely misses you.
The phantom closely misses you.
You miss Prince Ribbit. Prince Ribbit barely misses you.
Prince Ribbit hits you.
The phantom hits you but does no damage.
You barely miss Prince Ribbit.
Prince Ribbit catches a baby bat with his tongue.
Prince Ribbit hits you. The phantom hits you. Prince Ribbit hits you!
The phantom hits you. The phantom attacks as you move away!
The phantom hits you. Prince Ribbit closely misses you. Prince Ribbit hits you.
Prince Ribbit hits you!
* * * LOW HITPOINT WARNING * * *
There is a stone staircase leading up, spattered with blood here.
Prince Ribbit barely misses you. The phantom closely misses you.
Prince Ribbit hits you!
You die...

.#......... .
............
...#.....#.....
....#..........
.............. .
#.##.....#.#..#
.......F.......
##.##...W@#.#.
.........)#
................
...##....##.#.##
## #....# .#
......# #
.##..... #....##


You could see Prince Ribbit and a phantom.

Vanquished Creatures
  A water moccasin (D:5)
  A black bear (D:5)
  2 ogres
  2 necrophages
  3 scorpions (D:5)
  A howler monkey (D:5)
  A hound (D:5)
  3 jellies (D:5)
  An iguana (D:5)
  Natasha (thrice) (D:4)
  2 orc wizards
  Robin (D:4)
  7 adders
  4 gnolls (D:5)
  A white imp (D:5)
  2 ufetubi (D:5)
  3 worms (D:2)
  3 dart slugs
  10 orcs
  6 endoplasms
  2 giant cockroaches
  13 goblins
  9 hobgoblins
  2 jackals (D:2)
  7 kobolds
  2 quokkas (D:2)
  4 ball pythons
  7 bats
  A frilled lizard (D:3)
  4 rats
108 creatures vanquished.

Vanquished Creatures (others)
  2 plants (D:1)
  2 withered plants (D:1)
4 creatures vanquished.

Grand Total: 112 creatures vanquished

Notes
Turn   | Place    | Note
-------+----------+-------------------------------------------
     0 | D:1      | purpskrrrp the Troll Berserker began the quest for the Orb.
     0 | D:1      | Reached XP level 1. HP: 22/22 MP: 0/0
    63 | D:1      | Found a faded altar of an unknown god.
    82 | D:1      | Reached XP level 2. HP: 29/29 MP: 1/1
   155 | D:1      | Reached skill level 3 in Maces & Flails
   735 | D:2      | Reached XP level 3. HP: 36/36 MP: 2/2
   977 | D:2      | Reached ** piety under Trog
  1073 | D:3      | Noticed a necrophage
  1090 | D:3      | Killed a necrophage
  1091 | D:3      | Reached XP level 4. HP: 33/45 MP: 3/3
  1296 | D:3      | Reached skill level 4 in Maces & Flails
  1296 | D:3      | Reached XP level 5. HP: 52/53 MP: 4/4
  1911 | D:4      | Found a staircase to the Ecumenical Temple.
  1916 | D:4      | Noticed Robin
  1984 | D:4      | Killed Robin
  2088 | D:4      | Found a blossoming altar of Fedhas.
  2089 | D:4      | Found an ancient bone altar of Kikubaaqudgha.
  2274 | D:4      | Noticed Natasha
  2283 | D:4      | Killed Natasha
  2284 | D:4      | Reached XP level 6. HP: 56/61 MP: 5/5
  2343 | D:4      | Noticed Natasha
  2350 | D:4      | Killed Natasha
  2360 | D:4      | Noticed Natasha
  2369 | D:4      | Killed Natasha
  2593 | D:5      | Entered Level 5 of the Dungeon
  2885 | D:5      | Reached skill level 5 in Maces & Flails
  3003 | D:5      | Reached XP level 7. HP: 30/67 MP: 6/6
  3533 | D:5      | Reached *** piety under Trog
  3534 | D:5      | Reached skill level 1 in Polearms
  3780 | D:5      | Reached XP level 8. HP: 75/78 MP: 7/7
  3944 | D:5      | Found Liowei's Serpentskin Sales.
  4021 | D:6      | Reached skill level 6 in Maces & Flails
  4042 | D:6      | Noticed Prince Ribbit
  4055 | D:5      | Reached skill level 1 in Evocations
  4126 | D:6      | Mangled by Prince Ribbit

Illustrated notes

Levels and vault maps discovered:
D:1:      beargit_arrival_greenhouse, layout_loops_ring,
          shapermc_ecumenical_altar_flowoftime
D:2:      layout_basic, minmay_misc_feat_roman
D:3:      layout_loops_cross
D:4:      layout_rooms, grunt_temple_overflow_growth_and_decay,
          minmay_temple_entry_trees, grunt_decor_clamped, uniq_natasha,
          uniq_robin
D:5:      layout_loops_ring, grunt_decor_junction, guppyfry_shop_venom
D:6:      layout_basic, uniq_prince_ribbit1

Skill      XL: |  1  2  3  4  5  6  7  8 |
---------------+-------------------------+-----
Maces & Flails | 3 4 5 6 |  6.1
Fighting       | 3 4 |  4.2
Dodging        | 3 4 |  4.9
Polearms       | 1 2 |  2.1
Evocations     | 1 |  1.0
Stealth        | |  0.7

Action                   |  1- 3 |  4- 6 |  7- 9 || total
-------------------------+-------+-------+-------++-------
Melee: Mace              |   135 |   192 |    19 ||   346
       Punch             |     1 |     2 |     1 ||     4
       Halberd           |       |       |    43 ||    43
       Giant spiked club |       |       |    29 ||    29
Throw: Dart              |       |     1 |       ||     1
Invok: Berserk           |       |     1 |     2 ||     3
Evoke: Wand              |       |       |    16 ||    16
  Use: Scroll            |       |    10 |       ||    10
       Potion            |       |     5 |     2 ||     7
 Stab: Sleeping          |       |     1 |       ||     1
Armor: Animal skin       |    50 |   110 |    50 ||   210
Dodge: Dodged            |    80 |   148 |   101 ||   329

Table legend: (Time is in decaauts)
 A = Elapsed time spent in this place.
 B = Non-inter-level travel time spent in this place.
 C = Inter-level travel time spent in this place.
 D = Time resting spent in this place.
 E = Time spent auto-exploring this place.
 F = Levels seen in this place.
 G = Mean time per level.
                   A        B        C        D        E       F      G
               +--------+--------+--------+--------+--------+-----+--------+
         Total |   4246 |   4103 |    143 |    536 |   2016 |   6 |  707.7 |
       Dungeon |   4246 |   4103 |    143 |    536 |   2016 |   6 |  707.7 |
               +--------+--------+--------+--------+--------+-----+--------+

Top non-repeatable levels by time:
     D:5: 1535 daAuts
     D:3: 812 daAuts
     D:4: 747 daAuts
     D:1: 710 daAuts
     D:2: 391 daAuts
     D:6: 50 daAuts
